 Dungeon Crawl Stone Soup version 0.19.1 (webtiles) character file.

208348 greenice the Slayer (level 18, 0/145 HPs)
             Began as a Minotaur Fighter on Dec 20, 2016.
             Was the Champion of Okawaru.
             Slain by a great orb of eyes (6 damage)
             ... while paralysed by a great orb of eyes
             ... on level 3 of the Abyss on Dec 21, 2016.
             The game lasted 01:58:05 (41184 turns).

greenice the Slayer (Minotaur Fighter)             Turns: 41184, Time: 01:58:07

Health: 0/145      AC: 38    Str: 26    XL:     18   Next: 12%
Magic:  3/13       EV:  2    Int:  7    God:    Okawaru [******]
Gold:   2409       SH:  0    Dex: 16    Spells: 0 memorised, 17 levels left

rFire  + + .     SeeInvis +     G - +5 double sword (protect)
rCold  . . .     Gourm    .     u - +4 plate armour {rF+}
rNeg   + . .     Faith    .     t - +0 large shield {rF+}
rPois  +         Spirit   .     l - +3 crown of Dyrovepreva {rElec Int+2 SInv}
rElec  +         Reflect  +     w - +1 cloak
rCorr  .         Harm     .     A - +1 pair of gloves
MR     +....     Clarity  +     b - +0 pair of boots of Trog's Supremacy {rN+}
Stlth  ..........               s - +3 amulet of reflection
                                x - +3 ring of strength
                                q - ring of poison resistance

@: paralysed, protection aura
A: retaliatory headbutt, horns 2, berserk 2, blurry vision 2, clarity,
deterioration 1, frail 2, low mp 2, screaming 3, slow regeneration 1, no device
heal 2, subdued magic 3
a: Heroism, Finesse, Renounce Religion
}: 1/15 runes: serpentine


You were on level 3 of the Abyss.
You worshipped Okawaru.
Okawaru was exalted by your worship.
You were not hungry.

You visited 7 branches of the dungeon, and saw 30 of its levels.
You visited the Abyss 1 time.
You also visited: Ice Cave and Volcano.

You collected 3355 gold pieces.
You spent 946 gold pieces at shops.

Inventory:

Hand Weapons
 G - a +5 double sword of protection (weapon)
 H - a +2 glaive of flaming
 J - a +0 blowgun
 Q - a +3 demon trident of draining
 S - the +4 spear of Responsibility {drain, MR++ Dex-4}
   (Okawaru gifted it to you on level 4 of the Snake Pit)

   A truly terrible weapon, it drains the life of those it strikes.
   It affects your dexterity (-4).
   It affects your resistance to hostile enchantments.
 X - the +2 scimitar of Forgiveness {slice, rPois rF- rC+, unknown}
   (Okawaru gifted it to you on level 1 of the Elven Halls)

   It inflicts extra damage upon your enemies.
   It makes you vulnerable to fire.
   It protects you from cold.
   It protects you from poison.
Missiles
 I - 2 curare-tipped needles
Armour
 b - the +0 pair of boots of Trog's Supremacy (worn) {rN+}
   (You found it on level 2 of the Lair of Beasts)

   It protects you from negative energy.
 l - the +3 crown of Dyrovepreva (worn) {rElec Int+2 SInv}
   (You bought it in a shop on level 10 of the Dungeon)

   It affects your intelligence (+2).
   It insulates you from electricity.
   It lets you see invisible.
 t - a +0 large shield of fire resistance (worn)
 u - a +4 plate armour of fire resistance (worn)
 w - a +1 cloak (worn)
 A - a +1 pair of gloves (worn)
Jewellery
 g - an uncursed amulet of rage
 q - a ring of poison resistance (left hand)
 s - a +3 amulet of reflection (around neck)
 x - a +3 ring of strength (right hand)
Wands
 r - a wand of iceblast (6/15)
 v - a wand of lightning (2/15)
 y - a wand of lightning (3/15)
 z - a wand of digging (15/24)
 N - a wand of digging (11/24)
 R - a wand of teleportation (1/9)
 T - a wand of flame (36/48)
 U - a wand of paralysis (14/24)
Scrolls
 c - 2 scrolls of holy word
 d - a scroll of fear
 e - 6 scrolls of teleportation
 i - 3 scrolls of identify
 m - 3 scrolls of recharging
 n - 24 scrolls of remove curse
 C - a scroll of summoning {unknown}
 E - 3 scrolls of enchant armour
 K - a scroll of blinking
 V - 2 scrolls of magic mapping
Potions
 h - a potion of magic
 o - 3 potions of flight
 p - 5 potions of curing
 B - 2 potions of brilliance
 D - 4 potions of berserk rage
 F - a potion of resistance
 L - 2 potions of invisibility
 M - 2 potions of might
 O - 2 potions of agility
 P - 2 potions of cure mutation
Comestibles
 a - 12 fruits
 f - 17 bread rations
 j - 4 meat rations


   Skills:
 + Level 21.4 Fighting
 - Level 17.0 Long Blades
 - Level 14.1 Polearms
 - Level 16.8 Armour
 - Level 16.0 Shields


You had 17 spell levels left.
You didn't know any spells.

Dungeon Overview and Level Annotations

Branches:
Dungeon (15/15)            Temple (1/1) D:4            Lair (6/6) D:11
 Shoals (1/4) Lair:2        Snake (4/4) Lair:2        Slime (0/5) Lair:6
    Orc (2/2) D:10            Elf (1/3) Orc:2        Vaults (0/5) D:14
 Depths (0/5) D:15

Altars:
Ashenzari
Cheibriados
Dithmenos
Elyvilon
Gozag
Hepliaklqana
Kikubaaqudgha
Makhleb
Nemelex Xobeh
Okawaru
Qazlal
Ru
Sif Muna
Trog
Uskayaw
Vehumet
Xom
Yredelemnul
Zin
Beogh

Shops:
D:9 *   D:10 [   Orc:2 %:[!   Snake:1 (!([

Portals:
Trove: D:14 (give 21 scrolls of identify)

Annotations:
D:7 exclusion: oklob plant


Innate Abilities, Weirdness & Mutations

You reflexively headbutt those who attack you in melee.
You have a pair of horns on your head.
You possess an exceptional clarity of mind.
[You often lose your temper in combat.]
[Scrolls take you longer to read.]
[Your body sometimes deteriorates upon taking damage.]
[You are very frail. (-20% HP)]
[Your magical capacity is very low. (-20% MP)]
[You frequently scream uncontrollably at your foes.]
[You regenerate slowly when monsters are visible.]
[Potions and wands are poor at restoring your health.]
[Your spells are much easier to cast, but much less powerful.]


Message History

The ufetubus closely misses you.
You riposte.
You hit the ufetubus.
The ufetubus is lightly wounded.
You block the ufetubus's attack.
The great orb of eyes bites you but does no damage.
Unknown command.
Your shield and plate armour prevent you from hitting the great orb of eyes.
You headbutt the great orb of eyes.
The great orb of eyes is severely wounded.
You block the ufetubus's attack. x2
Unknown command.
You slash the great orb of eyes!
The great orb of eyes is almost dead.
You block the ufetubus's attack. x2
The great orb of eyes gazes at you.
You suddenly lose the ability to move!
The ufetubus hits you but does no damage.
The ufetubus hits you.
* * * LOW HITPOINT WARNING * * *
The great orb of eyes bites you.
You die...

. . #. # .
. .#..###.
.. ###(#.#
.. . . #
#.#†.#..
#. #.. 5#
#.# §55##
#
.##.5.*#§
.....55###
##
#.####G@#
... ##5#
## ### ..#
# .# #§ .
#


You could see a great orb of eyes and 4 ufetubi.

Vanquished Creatures
  10 nagarajas
  A frost giant (IceCv)
  A deep elf sorcerer (Elf:1)
  A cacodemon (Abyss:3)
  Azrael (Orc:2)
  A deep elf demonologist (Elf:1)
  The ghost of Lovchig the Cleaver, a journeyman DDFi of Vehumet (D:13)
  A blizzard demon (Abyss:3)
  3 deep elf death magi (Elf:1)
  A fire dragon (Lair:6)
  An ogre mage (D:15)
  8 hydras
  8 anacondas
  8 vault guards (D:14)
  11 naga warriors
  A death knight (D:12)
  2 centaur warriors
  3 dancing weapons (Elf:1)
  A tengu warrior (D:15)
  10 death yaks
  5 thrashing horrors (Abyss:3)
  An orc high priest (Orc:2)
  2 shock serpents (Snake:4)
  12 naga sharpshooters
  8 deep elf knights (Elf:1)
  A sun demon (Abyss:3)
  2 skeletal warriors (D:12)
  A wretched star (Abyss:3)
  A salamander mystic (Snake:2)
  A fire crab (Volcano)
  3 unseen horrors
  4 hill giants
  2 wizards (D:15)
  7 naga ritualists
  3 deep elf archers (Elf:1)
  8 mana vipers
  An orc knight (D:10)
  2 lindwurms
  7 orc sorcerers
  6 ugly things
  23 deep elf magi (Elf:1)
  3 slime creatures
  7 salamanders
  Maurice (D:8)
  A manticore (D:14)
  5 guardian serpents
  A cyclops (D:12)
  3 elephants (Lair:6)
  34 black mambas
  24 naga magi
  A rust devil (Abyss:3)
  6 torpor snails (Lair:6)
  A smoke demon (Abyss:3)
  3 gargoyles
  11 spiny frogs
  2 rime drakes (shapeshifter)
  An efreet (D:15)
  A hellion (Abyss:3)
  7 rime drakes
  2 freezing wraiths
  4 tyrant leeches (Lair:6)
  10 komodo dragons
  17 polar bears
  2 two-headed ogres
  7 trolls
  8 hornets
  3 meliai (D:15)
  11 dream sheep
  9 hippogriffs
  5 raiju (Abyss:3)
  30 blink frogs
  A meliai zombie (D:15)
  Sigmund (D:6)
  6 air elementals (Elf:1)
  2 wyverns
  Eustachio (D:4)
  2 shadows
  45 yaks
  8 fire elementals
  3 large abominations (Abyss:3)
  6 fire bats (Volcano)
  2 wraiths
  3 hungry ghosts
  A mottled dragon (D:13)
  3 basilisks
  3 steam dragons (Volcano)
  7 vampire mosquitoes (D:13)
  A chaos spawn (Abyss:3)
  Menkaure (D:6)
  5 wargs
  Edmund (D:6)
  A soldier ant (D:11)
  46 nagas
  19 water moccasins
  14 porcupines
  6 hell hounds
  23 orc warriors
  2 ice beasts
  A small abomination (Abyss:3)
  An eye of draining (D:14)
  6 sky beasts
  2 necrophages (D:10)
  5 black bears
  14 ogres
  31 wolves
  The ghost of DrHerr the Poker, an amateur MfSk of Uskayaw (D:3)
  16 centaurs
  A phantom (D:13)
  12 crocodiles
  An elf zombie (D:7)
  10 bullfrogs
  A wyvern zombie (D:11)
  2 earth elementals (Elf:1)
  A scorpion (D:4)
  An elf skeleton (D:7)
  A water moccasin skeleton (D:6)
  A troll zombie (D:7)
  11 killer bees
  2 wights (D:7)
  An electric eel (Lair:2)
  4 howler monkeys
  7 crimson imps
  A bullfrog zombie (D:12)
  2 quasits
  2 jellies
  11 hounds
  23 orc priests
  6 centaur skeletons
  A gnoll shaman (D:10)
  6 human zombies (D:7)
  38 orc wizards
  5 bullfrog skeletons
  2 iguanas
  Natasha (thrice) (D:4)
  17 worker ants
  A killer bee zombie (D:6)
  2 hound zombies (D:9)
  Robin (D:3)
  A mummy (D:7)
  A worker ant zombie (D:6)
  4 gnolls (D:10)
  19 adders
  A howler monkey skeleton (D:5)
  5 shadow imps
  13 white imps
  An ufetubus (Abyss:3)
  5 oozes
  An adder zombie (D:9)
  A worm (D:3)
  A dart slug (D:3)
  4 leopard geckos
  90 orcs
  8 bats
  6 giant cockroaches
  20 goblins
  9 hobgoblins
  9 jackals
  4 quokkas
  2 ball pythons (Lair:2)
  4 frilled lizards
  2 jackal skeletons
  9 kobolds
  2 leopard gecko zombies
  A quokka zombie (D:5)
  7 rats
  A fire vortex (Orc:2)
  6 plants
1098 creatures vanquished.

Vanquished Creatures (others)
  Vashnia (Snake:2)
  2 naga sharpshooters
  2 deep elf knights (Elf:1)
  A deep elf mage (Elf:1)
  3 deep elf archers (Elf:1)
  3 cyclopes
  A naga mage (Snake:4)
  A wolf (IceCv)
  2 orc wizards
  An orc (D:12)
  3 fungi (Lair:6)
  15 plants
35 creatures vanquished.

Grand Total: 1133 creatures vanquished

Notes
Turn   | Place    | Note
-------+----------+-------------------------------------------
     0 | D:1      | greenice the Minotaur Fighter began the quest for the Orb.
     0 | D:1      | Reached XP level 1. HP: 19/19 MP: 0/0
   793 | D:2      | Reached XP level 2. HP: 26/26 MP: 1/1
  1036 | D:2      | You fall through a shaft for 2 floors!
  1056 | D:4      | Reached XP level 3. HP: 24/31 MP: 2/2
  1259 | D:4      | Noticed Natasha
  1265 | D:4      | Killed Natasha
  1265 | D:4      | Reached skill level 5 in Long Blades
  1265 | D:4      | Reached XP level 4. HP: 38/39 MP: 3/3
  1445 | D:3      | Found a sparkling altar of Nemelex Xobeh.
  1479 | D:3      | Reached XP level 5. HP: 41/45 MP: 4/4
  1952 | D:2      | Found a snail-covered altar of Cheibriados.
  2299 | D:3      | Noticed DrHerr's ghost (amateur MfSk)
  2307 | D:3      | Killed DrHerr's ghost
  2307 | D:3      | Reached XP level 6. HP: 33/51 MP: 5/5
  3059 | D:4      | Noticed Robin
  3157 | D:4      | Found a staircase to the Ecumenical Temple.
  3258 | D:4      | Noticed Natasha
  3394 | D:3      | Killed Robin
  3407 | D:4      | Killed Natasha
  3407 | D:4      | Reached XP level 7. HP: 40/57 MP: 6/6
  3465 | D:4      | Noticed Natasha
  3469 | Temple   | Entered the Ecumenical Temple
  3589 | Temple   | Became a worshipper of Warmaster Okawaru
  3613 | D:4      | Killed Natasha
  3886 | D:4      | Reached skill level 10 in Long Blades
  3925 | D:4      | Noticed Eustachio
  3933 | D:4      | Killed Eustachio
  3933 | D:4      | Reached * piety under Okawaru
  4008 | D:5      | Entered Level 5 of the Dungeon
  4324 | D:5      | Found a sacrificial altar of Ru.
  4390 | D:5      | Reached XP level 8. HP: 64/64 MP: 7/7
  4709 | D:6      | Noticed Menkaure
  4710 | D:6      | Noticed Sigmund
  4721 | D:6      | Killed Menkaure
  4727 | D:6      | Killed Sigmund
  5022 | D:6      | Reached ** piety under Okawaru
  5348 | D:6      | Reached XP level 9. HP: 53/70 MP: 8/8
  5353 | D:6      | Noticed Edmund
  5616 | D:6      | Found a snail-covered altar of Cheibriados.
  5697 | D:6      | Killed Edmund
  5930 | D:6      | Gained mutation: You are resistant to hostile enchantments. (MR+) [potion of mutation]
  5930 | D:6      | Gained mutation: You are weak. (Str -2) [potion of mutation]
  5931 | D:6      | Gained mutation: You are very weak. (Str -4) [potion of mutation]
  5931 | D:6      | Gained mutation: [Your magical capacity is low. (-10% MP)] [potion of mutation]
  5932 | D:6      | Lost mutation: [Your magical capacity is low. (-10% MP)] [potion of mutation]
  5932 | D:6      | Gained mutation: [You are frail. (-10% HP)] [potion of mutation]
  5988 | D:6      | Lost mutation: You are very weak. (Str -4) [potion of cure mutation]
  5988 | D:6      | Lost mutation: [You are frail. (-10% HP)] [potion of cure mutation]
  5988 | D:6      | Lost mutation: You are weak. (Str -2) [potion of cure mutation]
  5988 | D:6      | Lost mutation: You are resistant to hostile enchantments. (MR+) [potion of cure mutation]
  6076 | D:6      | Reached skill level 5 in Armour
  6511 | D:7      | Found a basalt altar of Yredelemnul.
  6956 | D:7      | Found an ancient bone altar of Kikubaaqudgha.
  6962 | D:7      | Reached *** piety under Okawaru
  7197 | D:7      | Found a hide-covered altar of Uskayaw.
  7197 | D:7      | Noticed an oklob plant
  7230 | D:7      | Found a white marble altar of Elyvilon.
  7409 | D:7      | Found a deep blue altar of Sif Muna.
  7572 | D:7      | Found a shadowy altar of Dithmenos.
  7959 | D:8      | Found a radiant altar of Vehumet.
  8019 | D:8      | Noticed a troll
  8071 | D:8      | Killed a troll
  8071 | D:8      | Reached XP level 10. HP: 47/77 MP: 9/9
  8228 | D:8      | Found a shimmering altar of Xom.
  8299 | D:8      | Reached skill level 10 in Armour
  8335 | D:8      | Noticed Maurice
  8721 | D:8      | Killed Maurice
  8891 | D:9      | Reached **** piety under Okawaru
  9200 | D:9      | Found Eqaedyeq's General Store.
  9428 | D:9      | Found a hazy altar of Hepliaklqana.
  9428 | D:9      | Found a glowing silver altar of Zin.
  9441 | D:9      | Found a burning altar of Makhleb.
  9441 | D:9      | Noticed a blizzard demon
  9508 | D:10     | Entered Level 10 of the Dungeon
 10100 | D:10     | Found a staircase to the Orcish Mines.
 10256 | D:10     | Gained mutation: You possess an exceptional clarity of mind. [potion of beneficial mutation]
 10410 | D:10     | Found Inoihuaguh's Armour Boutique.
 10418 | D:10     | Bought the +3 crown of Dyrovepreva {rElec Int+2 SInv} for 496 gold pieces
 10418 | D:10     | Bought a +1 pair of gloves for 138 gold pieces
 10485 | D:10     | Noticed a hill giant
 10586 | D:10     | Killed a hill giant
 10851 | D:11     | Reached ***** piety under Okawaru
 11114 | D:11     | Reached XP level 11. HP: 68/82 MP: 10/10
 11232 | D:11     | Noticed a brown ugly thing
 11243 | D:11     | Killed a brown ugly thing
 11417 | D:11     | Noticed a hill giant
 11460 | D:11     | Reached skill level 4 in Fighting
 11490 | D:11     | Found a staircase to the Lair.
 11532 | Lair:1   | Entered Level 1 of the Lair of Beasts
 11573 | D:11     | Reached skill level 5 in Fighting
 11593 | D:11     | Noticed an unseen horror
 11603 | D:11     | Killed an unseen horror
 11603 | D:11     | Reached skill level 6 in Fighting
 11751 | Orc:1    | Entered Level 1 of the Orcish Mines
 11751 | Orc:1    | Noticed an orc knight
 11810 | D:10     | Reached skill level 7 in Fighting
 11813 | D:10     | Received a gift from Okawaru
 12041 | D:10     | Killed an orc knight
 12214 | D:10     | Reached skill level 8 in Fighting
 12435 | Orc:1    | Noticed an orc sorcerer
 12443 | Orc:1    | Killed an orc sorcerer
 12443 | Orc:1    | Reached skill level 9 in Fighting
 12621 | Orc:1    | Found a bloodstained altar of Trog.
 12711 | Orc:2    | Entered Level 2 of the Orcish Mines
 12711 | Orc:2    | Noticed Azrael
 12840 | Orc:2    | Found a roughly hewn altar of Beogh.
 13142 | Orc:2    | Noticed an orc sorcerer
 13275 | Orc:2    | Noticed an orc sorcerer
 13550 | D:11     | Killed a hill giant
 13550 | D:11     | Reached skill level 10 in Fighting
 14009 | D:11     | Reached skill level 11 in Fighting
 14197 | D:12     | Noticed a hill giant
 14217 | D:12     | Killed a hill giant
 14220 | D:12     | Reached XP level 12. HP: 84/110 MP: 8/11
 14289 | D:12     | Noticed a death knight
 14311 | D:12     | Killed a death knight
 14311 | D:12     | Reached skill level 12 in Fighting
 14824 | D:12     | Reached skill level 13 in Fighting
 14897 | D:12     | Found a frozen archway.
 14927 | IceCv    | Entered an ice cave
 15069 | IceCv    | Reached ****** piety under Okawaru
 15092 | IceCv    | Reached skill level 1 in Polearms
 15095 | IceCv    | Received a gift from Okawaru
 15351 | IceCv    | Reached skill level 5 in Polearms
 15367 | IceCv    | Received a gift from Okawaru
 15614 | IceCv    | Noticed a death yak
 15614 | IceCv    | Noticed a frost giant
 15631 | IceCv    | Killed a death yak
 15638 | IceCv    | Killed a frost giant
 16114 | D:12     | Reached XP level 13. HP: 109/122 MP: 12/12
 16252 | D:12     | Received a gift from Okawaru
 16300 | D:12     | Reached skill level 10 in Polearms
 16660 | D:13     | Noticed Lovchig's ghost (journeyman DDFi)
 16695 | D:13     | Killed Lovchig's ghost
 17700 | D:14     | Found a gate to the Vaults.
 18391 | Lair:1   | Received a gift from Okawaru
 18981 | Lair:2   | Reached skill level 10 in Shields
 19030 | Lair:2   | Got a pair of encrusted boots
 19041 | Lair:2   | Identified the +0 pair of boots of Trog's Supremacy {rN+} (You found it on level 2 of the Lair of Beasts)
 19189 | Lair:2   | Found a staircase to the Shoals.
 19357 | Lair:2   | Reached XP level 14. HP: 111/129 MP: 13/13
 19537 | Lair:2   | Found a dark tunnel.
 19543 | Volcano  | Entered a volcano
 20544 | Lair:2   | Found a staircase to the Snake Pit.
 21290 | Lair:3   | Received a gift from Okawaru
 22627 | Lair:5   | Identified Toij's Catalogue of Shifting Feathers
 22848 | Lair:5   | Received a gift from Okawaru
 23397 | Lair:6   | Entered Level 6 of the Lair of Beasts
 23895 | Lair:6   | Reached skill level 15 in Shields
 25155 | Lair:5   | Reached XP level 15. HP: 105/136 MP: 14/14
 25398 | Lair:6   | Found a runed door.
 25598 | Lair:6   | Received a gift from Okawaru
 26056 | Lair:6   | Found a staircase to the Slime Pits.
 26384 | Lair:6   | Reached skill level 15 in Armour
 26703 | Lair:6   | Identified Hashum's Incunabulum of Excruciating Talismans
 27331 | Orc:2    | Paralysed by an orc sorcerer for 5 turns
 27571 | Orc:2    | Killed Azrael
 28501 | Orc:2    | Found a staircase to the Elven Halls.
 28768 | Orc:2    | Found Umniropt's Armour Shoppe.
 28768 | Orc:2    | Found Ypimiuf's Distillery.
 28771 | Orc:2    | Found Kuitseck's Food Emporium.
 28771 | Orc:2    | Found Othryrche's Book Emporium.
 28802 | Orc:2    | Bought a potion of haste for 120 gold pieces
 28802 | Orc:2    | Bought a potion of curing for 36 gold pieces
 28802 | Orc:2    | Bought a potion of curing for 36 gold pieces
 28802 | Orc:2    | Bought a potion of heal wounds for 60 gold pieces
 28802 | Orc:2    | Bought a potion of berserk rage for 60 gold pieces
 29041 | D:14     | Found a portal to a secret trove of treasure.
 29120 | D:14     | Received a gift from Okawaru
 29300 | D:15     | Entered Level 15 of the Dungeon
 30176 | D:15     | Reached skill level 15 in Long Blades
 30197 | D:15     | Found a staircase to the Depths.
 30675 | Snake:1  | Entered Level 1 of the Snake Pit
 30875 | Snake:1  | Found Oshem's Antique Weapon Emporium.
 31039 | Snake:1  | Found Qaceheoli's Antique Armour Shop.
 31045 | Snake:1  | Found Poggiuhe's Antique Weapon Boutique.
 31228 | Snake:1  | Found Votwagao's Distillery.
 31448 | Snake:1  | Reached XP level 16. HP: 144/144 MP: 15/15
 32403 | Snake:2  | Received a gift from Okawaru
 32536 | Snake:2  | Found a radiant altar of Vehumet.
 32537 | Snake:2  | Noticed Vashnia
 32856 | Snake:2  | Killed Vashnia
 33033 | Snake:2  | Reached skill level 14 in Fighting
 34402 | Snake:3  | Reached skill level 15 in Fighting
 35218 | Snake:3  | Reached skill level 16 in Fighting
 35305 | Snake:4  | Entered Level 4 of the Snake Pit
 35451 | Snake:4  | Received a gift from Okawaru
 35460 | Snake:4  | Got a twisted spear {god gift}
 35502 | Snake:4  | Identified the +4 spear of Responsibility {drain, MR++ Dex-4} (Okawaru gifted it to you on level 4 of the Snake Pit)
 36379 | Snake:4  | Reached skill level 17 in Fighting
 36759 | Snake:4  | Reached XP level 17. HP: 152/161 MP: 16/16
 36828 | Snake:4  | Received a gift from Okawaru
 37256 | Snake:4  | Reached skill level 18 in Fighting
 38032 | Snake:4  | Got a serpentine rune of Zot
 38056 | Snake:4  | Reached skill level 19 in Fighting
 38664 | Shoals:1 | Entered Level 1 of the Shoals
 38811 | Elf:1    | Entered Level 1 of the Elven Halls
 39428 | Elf:1    | Reached skill level 20 in Fighting
 40167 | Elf:1    | Received a gift from Okawaru
 40173 | Elf:1    | Got a slimy scimitar {god gift}
 40695 | Elf:1    | Cast into level 3 of the Abyss (a deep elf demonologist)
 40866 | Abyss:3  | Reached skill level 21 in Fighting
 40872 | Abyss:3  | Reached XP level 18. HP: 88/127 MP: 11/11
 41139 | Abyss:3  | Gained mutation: [Your spells are a little easier to cast, but a little less powerful.] [a cacodemon]
 41160 | Abyss:3  | Received a gift from Okawaru
 41176 | Abyss:3  | Paralysed by a great orb of eyes for 3 turns
 41179 | Abyss:3  | HP: 6/145 [ufetubus[a ynoxinul] (2)]
 41183 | Abyss:3  | Paralysed by a great orb of eyes for 3 turns
 41184 | Abyss:3  | Slain by a great orb of eyes

Skill      XL: |  1  2  3  4  5  6  7  8  9 10 11 12 13 14 15 16 17 |
---------------+----------------------------------------------------+-----
Long Blades    | 3 4 5 6 7 9 11 13 14 15 17 | 17.0
Armour         | 9 12 13 16 | 16.8
Shields        | 7 9 11 16 | 16.0
Fighting       | 11 13 17 21 | 21.4
Polearms       | 9 14 | 14.1

Action                   |  1- 3 |  4- 6 |  7- 9 | 10-12 | 13-15 | 16-18 || total
-------------------------+-------+-------+-------+-------+-------+-------++-------
Melee: Long sword        |    36 |   185 |   107 |       |       |       ||   328
       Headbutt          |     5 |    33 |    83 |   262 |   487 |   299 ||  1169
       Scimitar          |       |       |   262 |   740 |       |       ||  1002
       Trident           |       |       |       |   216 |  1233 |       ||  1449
       Demon trident     |       |       |       |       |   422 |       ||   422
       Double sword      |       |       |       |       |   171 |  1092 ||  1263
Invok: Heroism           |       |       |     2 |    12 |     7 |     3 ||    24
 Abil: Evoke Berserk Rag |       |       |     1 |       |       |       ||     1
Evoke: Wand              |       |       |       |     4 |     1 |     9 ||    14
  Use: Potion            |       |     1 |    17 |     4 |     2 |    10 ||    34
       Scroll            |       |       |     6 |    16 |    15 |     6 ||    43
 Stab: Invisible         |       |       |       |       |       |     1 ||     1
  Eat: Chunk             |     1 |     7 |    13 |    26 |    27 |    11 ||    85
       Beef jerky        |       |       |     1 |       |     2 |       ||     3
       Pizza             |       |       |     1 |       |     1 |     1 ||     3
       Meat ration       |       |       |       |     1 |     4 |     4 ||     9
       Royal jelly       |       |       |       |       |     1 |       ||     1
Armor: Scale mail        |    12 |    85 |    76 |     6 |       |       ||   179
       Skin              |       |       |    13 |       |       |       ||    13
       Plate armour      |       |       |       |   476 |   537 |   410 ||  1423
Dodge: Dodged            |     9 |    66 |    65 |   170 |   144 |   146 ||   600
Block: Shield            |    20 |    90 |   121 |   676 |   269 |       ||  1176
       Reflection        |       |       |       |    34 |    45 |   211 ||   290
       Large shield      |       |       |       |       |  1020 |  1416 ||  2436
       Rpst.: Long sword |     2 |    20 |     3 |       |       |       ||    25
       Scimitar          |       |       |    13 |    27 |       |       ||    40
       Double sword      |       |       |       |       |     3 |    32 ||    35
